 Dungeon Sprint DCSS version 0.31-a0-345-g1ebeae05c6 (webtiles) character file.

Game seed: 9657206555415550109

5 rocky1 the Changeling (level 1, -1/15 HPs)
             Began as a Demigod Shapeshifter on July 23, 2023.
             Slain by an adder (2 damage)
             ... in the Dungeon (Sprint IX: "|||||||||||||||||||||||||||||").
             The game lasted 00:00:08 (24 turns).

rocky1 the Changeling (Demigod Shapeshifter)          Turns: 24, Time: 00:00:09

Health: -1/15      AC:  2    Str: 16    XL:     1   Next: 53%
Magic:  3/3        EV: 12    Int: 10    God:
Gold:   0          SH:  0    Dex: 14    Spells: 0/0 levels left

rFire   . .          .
                       - Unarmed
rCold   . . .        (no shield)
rNeg    . . .        a - +0 animal skin
rPois   .            (helmet currently unavailable)
rElec   .            (cloak currently unavailable)
rCorr   .            (gloves currently unavailable)
SInv    .            (boots currently unavailable)
Will    .....        (no amulet)
Stlth   +            (no ring)
HPRegen 0.22/turn    (no ring)
MPRegen 0.08/turn

%: no teleportation
@: lethally poisoned (-1 -> -8), beast-form
A: beast (slay +2), high MP 1, forlorn, divine attributes
a: Begin Untransformation


You were in the Dungeon.
You were a hulking beast.
You visited 1 branch

Inventory:

Armour
 a - a +0 animal skin (worn)
Talismans
 c - a beast talisman
Scrolls
 i - a scroll of blinking
Potions
 b - a potion of lignification
 d - a potion of curing
 e - a potion of heal wounds
 f - a potion of haste
 g - 2 potions of magic
 h - a potion of berserk rage


   Skills:
 + Level 0.8 Fighting
 + Level 2.0 Dodging
 + Level 3.3 Unarmed Combat
 + Level 3.3 Shapeshifting


You couldn't memorise any spells.
You didn't know any spells.
Your spell library was empty.

Dungeon Overview and Level Annotations

Branches:
Dungeon (1/1)


Innate Abilities, Weirdness & Mutations

You are a hulking beast.
Your limbs bulge with bestial killing power. (Slay +2)
You have an increased reservoir of magic. (+10% MP)
You shall have no god before yourself.
Your divine heritage dramatically boosts your attributes as you level up.


Message History

You hit the goblin.
You kill the goblin!
Your Unarmed Combat skill increases to level 3!
You barely miss the hobgoblin. The hobgoblin closely misses you.
You punch the hobgoblin!
You kill the hobgoblin!
You hit the goblin.
You kill the goblin!
Your Dodging skill increases to level 2!
The rat bites you.
There is an open door to the Dungeon here.
Items here: )) †††.
You hit the rat.
The rat is moderately wounded.
The rat closely misses you.
You barely miss the rat. You punch the rat.
You kill the rat!
You see here a rat corpse.
You open the door.
A jelly, 2 adders, a shadow imp and an ogre come into view.
The adder hisses angrily.
The jelly quivers.
The adder hisses angrily.
The adder bites you.
You are poisoned.
The adder poisons you!
You miss the adder.
The shadow imp shouts!
The ogre shouts!
Your punch misses the adder.
You feel sick. The adder bites you.
You barely miss the adder.
You feel sick. The adder bites you.
* * * LOW HITPOINT WARNING * * *
You are lethally poisoned!
The adder poisons you!
You closely miss the adder.
* * * LOW HITPOINT WARNING * * *
You feel sick. The adder barely misses you.
You miss the adder.
* * * LOW HITPOINT WARNING * * *
You feel sick. The adder bites you.
You die...

▓.▓
▓.▓
▓.▓
▓)▓
▓†▓
▓.▓
▓.▓
▓.▓
▓h▓
▓S▓
▓J▓
▓S▓
▓5▓
▓O▓
▓.▓
▓+▓


You could see an ogre, a jelly, 2 adders and a shadow imp.

Vanquished Creatures
  An endoplasm (D)
  A hobgoblin (D)
  2 goblins (D)
  A rat (D)
5 creatures vanquished.

Notes
Turn   | Place    | Note
-------+----------+-------------------------------------------
     0 | D        | rocky1 the Demigod Shapeshifter began the quest for the
                  | Orb.
     0 | D        | Reached XP level 1. HP: 15/15 MP: 3/3
    20 | D        | Noticed a jelly
    20 | D        | Noticed an ogre
    24 | D        | Slain by an adder

Illustrated notes

Levels and vault maps discovered:
D:        linesprint [early_d, line_temple, items_1, d_10, items_2, lair_1,
          lair_end, items_3, orc_1, orc_end, items_4, d_15, swamp_1, shoals_1,
          snake_1, spider_1, d_20, vaults_1, items_5, swamp_end, shoals_end,
          snake_end, spider_end, vaults_end, d_27, items_6, zot_1, zot_end,
          crypt_end, forest_end, elf_end, slime_end, tomb_end, abyss_end,
          pan_hell_end]

Skill      XL: |  1 |
---------------+----+-----
Shapeshifting  | 3 |  3.3
Unarmed Combat | 3 |  3.3
Dodging        | 2 |  2.0
Fighting       | |  0.8

Action                     || total
---------------------------++-------
  Melee: Unarmed           ||    14
         Punch             ||     1
 Armour: Animal skin       ||     1
  Dodge: Dodged            ||     3

Table legend: (Time is in decaauts)
 A = Elapsed time spent in this place.
 B = Non-inter-level travel time spent in this place.
 C = Inter-level travel time spent in this place.
 D = Time resting spent in this place.
 E = Time spent auto-exploring this place.
 F = Levels seen in this place.
 G = Mean time per level.
                   A        B        C        D        E       F      G
               +--------+--------+--------+--------+--------+-----+--------+
         Total |     23 |     23 |      0 |      0 |      0 |   1 |   23.0 |
       Dungeon |     23 |     23 |      0 |      0 |      0 |   1 |   23.0 |
               +--------+--------+--------+--------+--------+-----+--------+

Top non-repeatable levels by time:
       D: 23 daAuts
